 Dungeon Crawl Stone Soup version 0.26.1-11-gd32895ea62 (webtiles) character file.

Game seed: 10020214333766725348

176 ubername the Chiller (level 5, 0/36 HPs)
             Began as a Barachi Ice Elementalist on July 23, 2021.
             Slain by a phantom (9 damage)
             ... on level 3 of the Dungeon.
             The game lasted 00:08:00 (4682 turns).

ubername the Chiller (Barachi Ice Elementalist)     Turns: 4682, Time: 00:08:01

Health: 0/36       AC:  8    Str: 16    XL:     5   Next: 56%
Magic:  6/10       EV: 12    Int: 16    God:
Gold:   219        SH:  0    Dex: 12    Spells: 4/11 levels left

rFire    . . .     SeeInvis .   g - +1 short sword
rCold    . . .     Faith    .   (no shield)
rNeg     . . .     Spirit   .   a - +0 robe
rPois    .         Reflect  .   (no helmet)
rElec    .         Harm     .   (no cloak)
rCorr    .         Rampage  .   (no gloves)
Will     .....                  (no boots)
Stlth    ++........             (no amulet)
HPRegen  0.12/turn              j - +6 ring of strength
MPRegen  0.12/turn              (no ring)

@: icy armour, slow
A: +LOS, swims, slowness 1, strong legs 1
a: Hop


You were on level 3 of the Dungeon.
You visited 1 branch of the dungeon, and saw 3 of its levels.

You collected 219 gold pieces.

Inventory:

Hand Weapons
 c - a +2 dagger of venom
 g - a +1 short sword (weapon)
Missiles
 b - 147 stones
 d - 8 boomerangs (quivered)
 i - 20 sling bullets
 p - 5 poisoned darts
Armour
 a - a +0 robe (worn)
Jewellery
 j - a +6 ring of strength (left hand)
Scrolls
 f - a scroll of enchant weapon
 h - 2 scrolls of remove curse
 m - a scroll of teleportation
 n - 2 scrolls of enchant armour {unknown}
 r - a scroll of identify
Potions
 e - a potion of attraction
 k - a potion of heal wounds
 l - a potion of flight {unknown}
 o - a potion of haste {unknown}
 q - a potion of curing {unknown}


   Skills:
 + Level 0.3 Fighting
 + Level 0.5 Short Blades
 + Level 0.1 Throwing
 + Level 2.5 Dodging
 + Level 1.9 Stealth
 + Level 3.9 Spellcasting
 + Level 6.5 Ice Magic


You had 4 spell levels left.
You knew the following spells:

 Your Spells              Type           Power        Failure   Level
a - Freeze                Ice            96%          1%          1
b - Frozen Ramparts       Ice            48%          3%          3
c - Ozocubu's Armour      Ice            24%          3%          3

Your spell library contained the following spells:

 Spells                   Type           Power        Failure   Level
 Hailstorm                Conj/Ice       13%          41%         4
 Summon Ice Beast         Ice/Summ       13%          41%         4


Dungeon Overview and Level Annotations

Branches:
Dungeon (3/15)

Altars:
Ashenzari
Hepliaklqana
Ru


Innate Abilities, Weirdness & Mutations

You can be seen from farther away. (+LOS)
You can swim through water.
You cover ground slowly.
You can hop short distances.


Message History

Aim: a phantom (heavily damaged, 43% to hit)
You throw a boomerang.
The boomerang barely misses the phantom.
The phantom completely misses you.
Throw: 8 boomerangs
Press: ? - help, Q - select action, (/) - cycle Shift-Dir - straight line, f/p - phantom
Aim: a phantom (heavily damaged, 43% to hit)
You throw a boomerang.
The boomerang closely misses the phantom.
The phantom closely misses you. The phantom misses you.
You barely miss the phantom.
The phantom is heavily damaged.
The phantom hits you but does no damage.
You closely miss the phantom.
The phantom is heavily damaged.
The phantom barely misses you.
You hit the phantom.
The phantom is heavily damaged.
The phantom hits you!
You die...

########### ##### ..........##
#...# ...........########...#
....<.................#
............##.####...####
##..^...............##...#
............##...........#####
#######################..)...#
'§.# ?.##.W@.# #..#...# ##.##
..##).##...# #..#.### .#..#
..##....#..## #....# .##W##
..##.....##... #..###
..#).#..##.......#..###..#
..##...##....÷...##.# #..#
...#..##......#...#.. #..#
..W####....÷.##...##.##..#
#...##......####...#.)#..#


You could see a phantom.

Vanquished Creatures
  An iguana (D:3)
  3 gnolls (D:3)
  2 adders
  2 oozes (D:2)
  A worm (D:2)
  2 dart slugs
  7 orcs (D:3)
  6 giant cockroaches
  11 goblins
  8 hobgoblins
  4 jackals
  A quokka (D:3)
  6 bats
  5 frilled lizards
  10 kobolds
  11 rats
80 creatures vanquished.

Notes
Turn   | Place    | Note
-------+----------+-------------------------------------------
     0 | D:1      | ubername the Barachi Ice Elementalist began the quest for
                  | the Orb.
     0 | D:1      | Reached XP level 1. HP: 13/13 MP: 3/3
   206 | D:1      | Reached skill level 5 in Ice Magic
   446 | D:1      | Reached XP level 2. HP: 19/19 MP: 1/5
  1066 | D:1      | Found a broken altar of Ashenzari.
  1177 | D:1      | Reached XP level 3. HP: 24/24 MP: 3/6
  1182 | D:1      | Learned a level 3 spell: Frozen Ramparts
  1186 | D:1      | Learned a level 3 spell: Ozocubu's Armour
  2407 | D:2      | Found a hazy altar of Hepliaklqana.
  2788 | D:2      | Reached skill level 6 in Ice Magic
  2788 | D:2      | Reached XP level 4. HP: 19/30 MP: 6/8
  3416 | D:2      | Found a sacrificial altar of Ru.
  4074 | D:3      | Reached XP level 5. HP: 25/36 MP: 3/10
  4566 | D:3      | Noticed a phantom
  4682 | D:3      | Slain by a phantom

Illustrated notes

Levels and vault maps discovered:
D:1:      dpeg_arrival_tiny_a, layout_basic, nicolae_ashenzari_panopticon
D:2:      layout_loops_corners, nzn_hepliaklqana_mist_gate, marbit_many_paths,
          minivault_11, minmay_misc_feat_square, kennysheep_path_1,
          kennysheep_generic_room_8
D:3:      minmay_razor_zed, layout_rooms, tgw_trog

Skill      XL: |  1  2  3  4 |
---------------+-------------+-----
Ice Magic      | 5 6 |  6.5
Spellcasting   | 3 |  3.9
Fighting       | |  0.3
Short Blades   | |  0.5
Throwing       | |  0.1
Dodging        | |  2.5
Stealth        | |  1.9

Action                   |  1- 3 |  4- 6 || total
-------------------------+-------+-------++-------
Melee: Club              |     5 |       ||     5
       Short sword       |    16 |    28 ||    44
Throw: Dart              |     1 |    13 ||    14
       Stone             |       |     3 ||     3
       Boomerang         |       |    29 ||    29
 Cast: Freeze            |    47 |     5 ||    52
       Frozen Ramparts   |     1 |    17 ||    18
       Ozocubu's Armour  |     1 |     8 ||     9
 Abil: Hop               |       |     1 ||     1
  Use: Scroll            |       |     6 ||     6
       Potion            |       |     3 ||     3
 Stab: Sleeping          |     1 |     1 ||     2
Armor: Robe              |     5 |    16 ||    21
Dodge: Dodged            |    35 |    59 ||    94
